 Dungeon Crawl Stone Soup version 0.27-a0-1287-gca74d27db6 (webtiles) character file.

Game seed: 5119703408209120228

24516 night the Frost Mage (level 12, -3/100 HPs)
             Began as a Demonspawn Ice Elementalist on June 14, 2021.
             Was an Initiate of Gozag.
             Slain by a cane toad (19 damage)
             ... on level 2 of the Lair of Beasts.
             The game lasted 00:47:00 (21640 turns).

night the Frost Mage (Demonspawn Ice Elementalist) Turns: 21640, Time: 00:47:01

Health: -3/100     AC: 11    Str:  9    XL:     12   Next: 81%
Magic:  15/27      EV: 12    Int: 23    God:    Gozag
Gold:   762        SH:  4    Dex: 20    Spells: 19/33 levels left

rFire    + . .     SeeInvis .   i - +1 long sword (elec)
rCold    + . .     Faith    .   (no shield)
rNeg     + . .     Spirit   .   C - +0 steam dragon scales
rPois    +         Reflect  .   o - +0 helmet
rElec    +         Harm     .   (no cloak)
rCorr    .         Rampage  .   (no gloves)
Will     .....                  M - +0 pair of boots
Stlth    +++++.....             (no amulet)
HPRegen  0.26/turn              R - ring of Qeus {Fly rElec rPois}
MPRegen  0.20/turn              F - ring "Woewniti" {rF+ rC+ rN+ Int+2 Slay-2}

@: gold aura, freezing walls, flying
A: claws 1, thin skeletal structure 3, demonic guardian 2, icemail 1,
condensation shield
a: Renounce Religion, Potion Petition, Call Merchant, Bribe Branch


You were on level 2 of the Lair of Beasts.
You worshipped Gozag.
Gozag was pleased with you.
You visited 3 branches of the dungeon, and saw 14 of its levels.

You collected 3103 gold pieces.
You spent 665 gold pieces at shops.
You paid 1676 gold pieces to Gozag.

Inventory:

Hand Weapons
 c - a +0 dagger
 i - a +1 long sword of electrocution (weapon)
 m - a +0 vorpal hand axe
 q - a +0 trident
 A - a +1 dagger of venom
 E - a +0 war axe
Missiles
 b - 410 stones (quivered)
 h - 13 boomerangs of dispersal
 p - a throwing net
 t - 124 sling bullets
 y - 75 poisoned darts
 B - 7 javelins
 I - 24 boomerangs
 L - 11 atropa-tipped darts
Armour
 o - a +0 helmet (worn)
 x - a +2 leather armour of poison resistance
 C - +0 steam dragon scales (worn)
 M - a +0 pair of boots (worn)
Magical Staves
 s - a staff of cold
Jewellery
 a - a ring of protection from fire
 F - the ring "Woewniti" (right claw) {rF+ rC+ rN+ Int+2 Slay-2}
   (You bought it in a shop on level 9 of the Dungeon)

   [ring of protection from cold]

   It affects your intelligence (+2).
   It affects your accuracy and damage with ranged weapons and melee attacks
   (-2).
   It protects you from fire.
   It protects you from cold.
   It protects you from negative energy.
 P - the ring of Ashenzari's Regard {rElec rF- Will+ Str+7 Int+3}
   (You took it off a yaktaur on level 10 of the Dungeon)

   [ring of willpower]

   It affects your strength (+7).
   It affects your intelligence (+3).
   It makes you vulnerable to fire.
   It insulates you from electricity.
   It increases your willpower.
 R - the ring of Qeus (left claw) {Fly rElec rPois}
   (You bought it in a shop on level 11 of the Dungeon)

   [ring of flight]

   It insulates you from electricity.
   It protects you from poison.
   It grants you flight.
Wands
 u - a wand of paralysis (14)
 D - a wand of mindburst (11)
 H - a wand of iceblast (9)
Scrolls
 l - 12 scrolls of teleportation
 v - 2 scrolls of fog
 w - a scroll of enchant armour
 z - a scroll of brand weapon
 G - a scroll of enchant weapon
 J - a scroll of magic mapping
 N - 3 scrolls of identify
 O - 2 scrolls of amnesia
Potions
 d - 2 potions of lignification
 e - 2 potions of curing
 f - a potion of heal wounds
 g - 2 potions of attraction
 j - a potion of invisibility
 k - 2 potions of brilliance
 n - 2 potions of might
 r - 2 potions of berserk rage
 K - a potion of cancellation
 Q - 2 potions of ambrosia


   Skills:
 - Level 11.2 Fighting
 - Level 1.7 Dodging
 - Level 1.7 Stealth
 + Level 4.4 Unarmed Combat
 + Level 11.4 Spellcasting
 - Level 3.0 Conjurations
 + Level 11.8 Ice Magic
 - Level 3.0 Poison Magic


You had 19 spell levels left.
You knew the following spells:

 Your Spells              Type           Power      Damage    Failure   Level
a - Freeze                Ice            100%       1d11      1%          1
b - Frozen Ramparts       Ice            100%       1d12      1%          3
c - Ozocubu's Armour      Ice            61%        N/A       1%          3
d - Mephitic Cloud        Conj/Pois/Air  22%        N/A       6%          3
e - Hailstorm             Conj/Ice       47%        3d11      2%          4

Your spell library contained the following spells:

 Spells                   Type           Power      Damage    Failure   Level
 Magic Dart               Conj           100%       1d8       1%          1
 Shock                    Conj/Air       80%        1d8       2%          1
 Animate Skeleton         Necr           26%        N/A       4%          1
 Apportation              Tloc           26%        N/A       4%          1
 Corona                   Hex            14%        N/A       4%          1
 Summon Small Mammal      Summ           52%        N/A       4%          1
 Static Discharge         Conj/Air       20%        N/A       4%          2
 Blink                    Tloc           N/A        N/A       8%          2
 Call Imp                 Summ           13%        N/A       8%          2
 Slow                     Hex            13%        N/A       8%          2
 Conjure Flame            Conj/Fire      20%        6-21      8%          3
 Ignite Poison            Fire/Tmut/Pois 17%        N/A       10%         3
 Metabolic Englaciation   Hex/Ice        20%        N/A       12%         5
 Irradiate                Conj/Tmut      10%        3d16      58%         5
 Lightning Bolt           Conj/Air       10%        1d23      58%         5
 Blade Hands              Tmut           6%         N/A       80%         5
 Statue Form              Tmut/Erth      8%         N/A       100%        6
 Dragon Form              Tmut           6%         N/A       100%        7
 Storm Form               Tmut/Air       6%         N/A       100%        7


Dungeon Overview and Level Annotations

Branches:
Dungeon (11/15)            Temple (1/1) D:4            Lair (2/6) D:11
 Shoals (0/4) Lair:2       Spider (0/4) Lair:2          Orc (0/2) D:10

Altars:
Ashenzari
Cheibriados
Dithmenos
Elyvilon
Fedhas
Gozag
Hepliaklqana
Kikubaaqudgha
Makhleb
Nemelex Xobeh
Okawaru
Qazlal
Ru
Sif Muna
Trog
Uskayaw
Vehumet
Wu Jian
Xom
Yredelemnul
Zin
The Shining One
Beogh

Shops:
D:9 *   D:11 *(

Annotations:
D:6 Prince Ribbit
D:8 1 runed translucent door
Lair:1 exclusion: 2 oklob plants


Innate Abilities, Weirdness & Mutations

You have sharp fingernails.
You have an unnaturally thin skeletal structure. (Dex +6, Stealth+++)
A demonic guardian rushes to your aid.
A meltable icy envelope protects you from harm. (AC +4)
A meltable shield of frost defends you. (SH +4)


Message History

Press: ? - help, Shift-Dir - straight line, f/p - cane toad
Aim: a cane toad (severely wounded, slow)
You freeze the cane toad.
The cane toad is severely wounded.
The cane toad seems to slow down.
You feel sick.
You are no longer poisoned.
The cane toad barely misses you.
Casting: Freeze (safe; 1% risk of failure)
Confirm with . or Enter, or press ? or * to list all spells.
Aiming: Freeze (safe; 1% risk of failure)
Press: ? - help, Shift-Dir - straight line, f/p - cane toad
Aim: a cane toad (severely wounded, slow)
You freeze the cane toad.
The cane toad is severely wounded.
The cane toad stings you.
* * * LOW HITPOINT WARNING * * *
You are lethally poisoned!
The cane toad poisons you!
Casting: Freeze (safe; 1% risk of failure)
Confirm with . or Enter, or press ? or * to list all spells.
Aiming: Freeze (safe; 1% risk of failure)
Press: ? - help, Shift-Dir - straight line, f/p - cane toad
Aim: a cane toad (severely wounded, slow)
You freeze the cane toad!
The cane toad is almost dead.
* * * LOW HITPOINT WARNING * * *
You feel very sick.
The cane toad stings you but does no damage.
Casting: Freeze (safe; 1% risk of failure)
Confirm with . or Enter, or press ? or * to list all spells.
Aiming: Freeze (safe; 1% risk of failure)
Press: ? - help, Shift-Dir - straight line, f/p - cane toad
Aim: a cane toad (almost dead, slow)
You freeze the cane toad.
The cane toad is almost dead.
* * * LOW HITPOINT WARNING * * *
You feel very sick.
You feel better. The cane toad stings you!!
You die...
Your body crumbles into a pile of gold.

#..≈P≈≈≈≈≈≈...#
##...≈≈≈≈≈≈..###
#P....≈≈≈.....#
#.....≈##..#.P#
#P..###########
##.## #.#
#.######### #
##..@#..P#.#.##
#..F$.........##
#.............P#
#...............
#.).............
#..........>..##
#.............#
#...............#
####P#..####.#.##


You could see a cane toad (slow).

Vanquished Creatures
  A hydra (Lair:1)
  A catoblepas (Lair:2)
  5 two-headed ogres
  A death yak (D:11)
  2 cyclopes
  A manticore (D:9)
  A black mamba (Lair:2)
  A merfolk siren (Lair:2)
  6 cane toads
  A rime drake (Lair:1)
  Psyche (D:9)
  A yaktaur (D:10)
  Maggie (D:7)
  2 komodo dragons
  A freezing wraith (D:10)
  2 tengu conjurers (D:9)
  A troll (D:10)
  2 blink frogs (Lair:2)
  3 merfolk (Lair:2)
  5 slime creatures (D:10)
  A shadow (D:10)
  A wraith (D:9)
  2 chaos spawn (D:10)
  7 yaks (D:9)
  A basilisk (Lair:2)
  6 wyverns
  2 vampire mosquitoes (Lair:2)
  An acid dragon (D:9)
  7 water moccasins
  2 swamp drakes (Lair:2)
  A black bear (Lair:1)
  A sky beast (D:6)
  A necrophage (D:7)
  2 ice beasts
  6 ogres
  9 orc warriors
  3 centaurs
  2 kobold brigands
  6 bullfrogs
  2 gnoll sergeants
  2 scorpions (D:5)
  A water moccasin skeleton (D:4)
  8 killer bees
  3 howler monkeys
  4 wights
  2 electric eels
  A bullfrog zombie (D:6)
  2 centaur zombies
  2 jellies (D:6)
  2 hounds
  2 gnoll shamans
  8 orc priests
  4 centaur skeletons
  2 iguanas
  12 orc wizards
  3 hell rats (D:11)
  A hound zombie (D:5)
  A howler monkey zombie (D:9)
  Robin (D:2)
  22 gnolls
  3 adders
  A howler monkey skeleton (D:4)
  A white imp (D:7)
  A dart slug (D:4)
  43 orcs
  A bat zombie (D:7)
  3 endoplasms
  2 giant cockroaches
  15 goblins
  9 hobgoblins
  6 jackals
  2 quokkas (D:4)
  9 ball pythons
  5 bats
  5 frilled lizards
  A jackal skeleton (D:3)
  16 kobolds
  6 rats
  4 rat zombies (D:7)
318 creatures vanquished.

Vanquished Creatures (collateral kills)
  A boulder beetle (D:11)
  2 death yaks (D:11)
  A manticore (D:9)
  A centaur zombie (D:10)
  A komodo dragon (Lair:2)
  A blink frog (Lair:2)
  A yak (D:9)
  A steam dragon (D:10)
  An ice beast (D:6)
  An orc warrior (D:9)
  A centaur (D:10)
  A gnoll sergeant (D:9)
  A wyvern zombie (D:8)
  A water moccasin zombie (D:5)
  2 gnoll shamans
  An orc priest (D:9)
  An orc wizard (D:10)
  A killer bee zombie (D:5)
  A howler monkey zombie (D:10)
  A gnoll (D:6)
  3 kobolds (D:10)
  A quokka (D:11)
26 creatures vanquished.

Vanquished Creatures (others)
  A troll (D:9)
  5 fungi (Lair:2)
  11 plants
17 creatures vanquished.

Grand Total: 361 creatures vanquished

Notes
Turn   | Place    | Note
-------+----------+-------------------------------------------
     0 | D:1      | night the Demonspawn Ice Elementalist began the quest for
                  | the Orb.
     0 | D:1      | Reached XP level 1. HP: 13/13 MP: 3/3
   316 | D:1      | Gained mutation: You have a somewhat thin skeletal
                  | structure. (Dex +2, Stealth+) [demonic ancestry]
   316 | D:1      | Reached XP level 2. HP: 19/20 MP: 3/5
   482 | D:1      | Reached skill level 1 in Fighting
  1140 | D:2      | Reached XP level 3. HP: 26/26 MP: 4/6
  1163 | D:1      | Learned a level 3 spell: Frozen Ramparts
  1332 | D:2      | Learned a level 3 spell: Ozocubu's Armour
  1842 | D:2      | Noticed Robin
  1850 | D:2      | Killed Robin
  2901 | D:3      | Gained mutation: You have a moderately thin skeletal
                  | structure. (Dex +4, Stealth++) [demonic ancestry]
  2901 | D:3      | Reached XP level 4. HP: 33/33 MP: 4/8
  2980 | D:3      | Reached skill level 2 in Fighting
  3128 | D:3      | Found a faded altar of an unknown god.
  3318 | D:3      | Found a sacrificial altar of Ru.
  3493 | D:3      | HP: 2/33 [orc priest/divine providence (13)]
  3497 | D:3      | Gained mutation: A weak demonic guardian rushes to your
                  | aid. [demonic ancestry]
  3497 | D:3      | Reached XP level 5. HP: 11/39 MP: 4/9
  4436 | D:4      | Gained mutation: You have sharp fingernails. [demonic
                  | ancestry]
  4436 | D:4      | Reached XP level 6. HP: 41/47 MP: 7/11
  4632 | D:4      | Reached skill level 5 in Ice Magic
  4876 | D:4      | Found a staircase to the Ecumenical Temple.
  4893 | Temple   | Entered the Ecumenical Temple
  5028 | Temple   | Became a worshipper of Gozag Ym Sagoz the Greedy
  5299 | D:4      | Found a broken altar of Ashenzari.
  5310 | D:4      | Found a stormy altar of Qazlal.
  5530 | D:5      | Entered Level 5 of the Dungeon
  5530 | D:5      | Noticed an ice beast
  5543 | D:5      | Killed an ice beast
  5672 | D:5      | Gained mutation: You have an unnaturally thin skeletal
                  | structure. (Dex +6, Stealth+++) [demonic ancestry]
  5672 | D:5      | Reached XP level 7. HP: 51/54 MP: 6/13
  5741 | D:5      | HP: 7/55 [scorpion (4)]
  6114 | D:5      | You fall into a shaft and drop 3 floors!
  6258 | D:6      | Reached skill level 5 in Spellcasting
  6414 | D:6      | Reached skill level 5 in Fighting
  6681 | D:5      | Gained mutation: A demonic guardian rushes to your aid.
                  | [demonic ancestry]
  6681 | D:5      | Reached XP level 8. HP: 48/62 MP: 15/15
  7701 | D:6      | Noticed Prince Ribbit
  8604 | D:7      | Found a shimmering blue altar of Sif Muna.
  8626 | D:7      | Identified Sif Muna's Almanac of Cloudy Attacks
  8686 | D:7      | Found a bloodstained altar of Trog.
  8891 | D:7      | Found a shadowy altar of Dithmenos.
  8983 | D:7      | Noticed Maggie
  8994 | D:7      | Killed Maggie
  8995 | D:7      | Reached XP level 9. HP: 40/71 MP: 6/18
  9334 | D:7      | Found an ancient bone altar of Kikubaaqudgha.
  9704 | D:7      | Learned a level 3 spell: Mephitic Cloud
  9709 | D:7      | Learned a level 4 spell: Hailstorm
  9881 | D:8      | Reached skill level 1 in Conjurations
  9881 | D:8      | Reached skill level 1 in Poison Magic
 10266 | D:8      | Found a hide-covered altar of Uskayaw.
 10267 | D:8      | Found a shimmering altar of Xom.
 10907 | D:8      | Found a runed translucent door.
 10907 | D:8      | Noticed a sixfirhy
 10934 | D:8      | Reached skill level 2 in Conjurations
 10934 | D:8      | Reached skill level 2 in Poison Magic
 11372 | D:9      | Killed a troll
 11409 | D:9      | Found Wueloqo's Assorted Antiques.
 11435 | D:9      | Bought a shimmering granite ring for 125 gold pieces
 11435 | D:9      | Identified the ring "Woewniti" {rF+ rC+ rN+ Int+2 Slay-2}
                  | (You bought it in a shop on level 9 of the Dungeon)
 11613 | D:9      | Noticed a two-headed ogre
 11627 | D:9      | Killed a two-headed ogre
 11628 | D:9      | Gained mutation: A meltable shield of frost defends you.
                  | (SH +4) [demonic ancestry]
 11628 | D:9      | Reached XP level 10. HP: 72/80 MP: 14/21
 11690 | D:9      | Noticed Psyche
 11699 | D:9      | Killed Psyche
 12198 | D:9      | Noticed a manticore
 12303 | D:9      | Noticed a cyclops
 12306 | D:9      | Noticed a manticore
 12312 | D:9      | Killed a cyclops
 12313 | D:9      | Killed a manticore
 12320 | D:9      | Killed a manticore
 12717 | D:9      | Found a burning altar of Makhleb.
 12786 | D:9      | Noticed a two-headed ogre
 12791 | D:9      | Killed a two-headed ogre
 12896 | D:9      | Noticed a two-headed ogre
 12904 | D:9      | Killed a two-headed ogre
 12905 | D:9      | Gained mutation: A meltable icy envelope protects you from
                  | harm. (AC +4) [demonic ancestry]
 12905 | D:9      | Reached XP level 11. HP: 68/89 MP: 18/24
 13531 | D:9      | Found a basalt altar of Yredelemnul.
 14517 | D:10     | Entered Level 10 of the Dungeon
 14750 | D:10     | Found a shimmering altar of Xom.
 14753 | D:10     | Found the +7 mace of Variability {chain chaos}
 14957 | D:10     | Noticed a two-headed ogre
 14966 | D:10     | Killed a two-headed ogre
 14967 | D:10     | Reached skill level 10 in Fighting
 15294 | D:10     | Reached skill level 10 in Ice Magic
 15494 | D:10     | Noticed a two-headed ogre
 15503 | D:10     | Killed a two-headed ogre
 16194 | D:10     | Identified the ring of Ashenzari's Regard {rElec rF- Will+
                  | Str+7 Int+3}
 16600 | D:10     | Reached skill level 10 in Spellcasting
 16822 | D:10     | Found a staircase to the Orcish Mines.
 17118 | D:11     | Noticed a boulder beetle
 17139 | D:11     | Killed a boulder beetle
 17270 | D:11     | Found a staircase to the Lair.
 17270 | D:11     | Noticed a death yak
 17271 | D:11     | Noticed a death yak
 17271 | D:11     | Noticed a death yak
 17287 | D:11     | Killed a death yak
 17289 | D:11     | Killed a death yak
 17291 | D:11     | Killed a death yak
 17483 | D:11     | Reached XP level 12. HP: 100/100 MP: 19/26
 18365 | D:11     | Bought a conspicuous book for 405 gold pieces
 18365 | D:11     | Bought a sparkling tin ring for 135 gold pieces
 18365 | D:11     | Identified the ring of Qeus {Fly rElec rPois} (You bought
                  | it in a shop on level 11 of the Dungeon)
 18407 | Lair:1   | Entered Level 1 of the Lair of Beasts
 18780 | Lair:1   | Noticed a six-headed hydra
 18792 | Lair:1   | Killed a six-headed hydra
 18793 | Lair:1   | Reached skill level 1 in Unarmed Combat
 19350 | Lair:1   | Reached skill level 2 in Unarmed Combat
 20000 | Lair:2   | Found a hole to the Spider Nest.
 20575 | Lair:2   | Found a staircase to the Shoals.
 20668 | Lair:2   | Noticed a catoblepas
 20678 | Lair:2   | Killed a catoblepas
 20684 | Lair:2   | Identified the +8 rapier of Contention {vorpal, rF+ Will-
                  | Str+4}
 21639 | Lair:2   | HP: 11/100 [poisoned by a cane toad]
 21640 | Lair:2   | Slain by a cane toad

Illustrated notes

Levels and vault maps discovered:
D:1:      psy_arrival_whirlpool, layout_loops_ring, minivault_24
D:2:      layout_basic, uniq_robin
D:3:      layout_basic, nicolae_ru_awakened_eye, ebering_ecumenical_altar_ruins,
          st_stairs_7, minmay_misc_feat_pillars
D:4:      layout_basic, general_overflow_altar, grunt_qazlal_clouds,
          minmay_temple_entry_mini_moons, corexii_shack
D:5:      layout_rooms, zin_scriptorium
D:6:      layout_loops_ring, uniq_prince_ribbit1
D:7:      layout_basic, nzn_overflow_gifts_of_might_and_magic,
          amcnicky_altar_gilded, lemuel_zombie_altar_kikubaaqudgha,
          lemuel_tele_altar, uniq_maggie
D:8:      cheibrodos_shockbox, layout_basic,
          chequers_temple_overflow_statue_of_worship, chequers_arboretum,
          chequers_mini_garden
D:9:      minmay_slanted_spiral_squares, layout_loops_corners, bloody_makhleb,
          overflow_temple_1_default, serial_shops, nicolae_shop_statue_plus,
          enter_bailey_5, grunt_ministairs_2, lemuel_flame_loot_1, uniq_psyche
D:10:     minmay_clustersquares, layout_basic, orc_0_dummy, hex_large,
          minmay_guarded_unrand_variability
D:11:     layout_loops_corners, dpeg_lair_monsters, special_room
          [special_room_orc], kennysheep_cluttered_room
Temple:   nicolae_temple_figure_zero
Lair:1:   layout_hall_layers, nicolae_quartered_pool_little, st_stairs_4,
          beast_lair_carwin_9, minmay_lair_oklob_chamber
Lair:2:   layout_roguey, elwin_shoals_entry_stream, spider_nest_entry_web_field,
          pond, wad_woods_river_01

Skill      XL: |  1  2  3  4  5  6  7  8  9 10 11 12 |
---------------+-------------------------------------+-----
Fighting       | 1 2 3 4 5 6 8 9 11 | 11.2
Ice Magic      | 4 5 6 7 8 9 10 11 | 11.8
Spellcasting   | 3 4 5 6 7 9 10 11 | 11.4
Conjurations   | 3 |  3.0
Poison Magic   | 3 |  3.0
Unarmed Combat | 4 |  4.4
Dodging        | |  1.7
Stealth        | |  1.7

Action                   |  1- 3 |  4- 6 |  7- 9 | 10-12 || total
-------------------------+-------+-------+-------+-------++-------
Melee: Dagger            |    23 |       |     4 |       ||    27
       Unarmed           |     2 |       |       |       ||     2
       Hand axe          |    14 |    71 |   122 |       ||   207
       Long sword        |     7 |       |    69 |   255 ||   331
       Trident           |       |       |    38 |    27 ||    65
       Great mace        |       |       |       |    10 ||    10
       Punch             |       |       |       |     1 ||     1
Throw: Boomerang         |     1 |       |       |       ||     1
       Stone             |       |     5 |     6 |     5 ||    16
 Cast: Freeze            |    35 |     6 |    16 |    77 ||   134
       Frozen Ramparts   |     8 |    18 |    37 |    56 ||   119
       Ozocubu's Armour  |     1 |     6 |    24 |    45 ||    76
       Mephitic Cloud    |       |       |       |     2 ||     2
Invok: Potion Petition   |       |       |     1 |     1 ||     2
       Call Merchant     |       |       |       |     2 ||     2
Evoke: Wand              |       |       |       |    20 ||    20
  Use: Scroll            |     2 |     2 |     7 |     8 ||    19
       Potion            |       |     2 |     1 |     4 ||     7
 Stab: Sleeping          |     9 |     7 |     6 |     7 ||    29
       Distracted        |       |     1 |       |     3 ||     4
       Paralysed         |       |       |       |     8 ||     8
Armor: Robe              |     8 |    25 |    26 |       ||    59
       Leather armour    |       |       |    35 |       ||    35
       Steam dragon scal |       |       |    55 |   188 ||   243
Dodge: Dodged            |    32 |    58 |   210 |   272 ||   572
Block: Other             |       |       |       |    71 ||    71
       Rpst.: Long sword |     1 |       |    12 |    58 ||    71

Table legend: (Time is in decaauts)
 A = Elapsed time spent in this place.
 B = Non-inter-level travel time spent in this place.
 C = Inter-level travel time spent in this place.
 D = Time resting spent in this place.
 E = Time spent auto-exploring this place.
 F = Levels seen in this place.
 G = Mean time per level.
                   A        B        C        D        E       F      G
               +--------+--------+--------+--------+--------+-----+--------+
         Total |  21854 |  21435 |    419 |   3710 |  14371 |  14 | 1561.0 |
       Dungeon |  18439 |  18141 |    298 |   2995 |  12286 |  11 | 1676.3 |
        Temple |    145 |    114 |     31 |      0 |    113 |   1 |  145.0 |
          Lair |   3268 |   3179 |     89 |    715 |   1972 |   2 | 1634.0 |
               +--------+--------+--------+--------+--------+-----+--------+

Top non-repeatable levels by time:
     D:9: 3189 daAuts
    D:10: 2529 daAuts
     D:6: 1685 daAuts
  Lair:2: 1660 daAuts
     D:8: 1650 daAuts
  Lair:1: 1608 daAuts
     D:3: 1504 daAuts
     D:7: 1429 daAuts
     D:2: 1423 daAuts
    D:11: 1417 daAuts
     D:1: 1252 daAuts
     D:4: 1229 daAuts
     D:5: 1128 daAuts
  Temple: 145 daAuts
